 Dungeon Crawl Stone Soup version 0.29.1-12-g30fa7ad0bf (webtiles) character file.

Game seed: 17145760473893994638

2977 croobank the Trooper (level 9, -2/106 HPs)
             Began as a Demonspawn Conjurer on Dec 25, 2022.
             Was an Initiate of Gozag.
             Succumbed to an orc warrior's poison
             ... on level 8 of the Dungeon.
             The game lasted 00:26:12 (8656 turns).

croobank the Trooper (Demonspawn Conjurer)          Turns: 8656, Time: 00:26:13

Health: -2/106     AC: 24    Str:  6    XL:     9   Next: 53%
Magic:  16/16      EV:  2    Int: 23    God:    Gozag
Gold:   42         SH:  0    Dex: 18    Spells: 8/18 levels left

rFire   + . .      SeeInvis .   q - +2 quarterstaff (spect)
rCold   + . .      Faith    .   (shield currently unavailable)
rNeg    . . .      Spirit   .   (body armour currently unavailable)
rPois   +          Reflect  .   (helmet currently unavailable)
rElec   +          Harm     .   (cloak currently unavailable)
rCorr   +          Rampage  .   (gloves unavailable)
Will    .....      NoTele   +   (boots currently unavailable)
Stlth   +++.......              x - amulet of magic regeneration
HPRegen 0.27/turn               D - +6 ring of dexterity
MPRegen 0.55/turn               d - ring of wizardry

@: mighty, lethally poisoned (-2 -> -16), tree-form, resistant, gold aura
A: stationary, stasis, torment immunity, boosted hp, (icy blue scales 1),
demonic guardian 1, powered by pain 1, (demonic touch 3), (hooves 1), (poison
resistance), (teleportitis 1), weak 1
a: End Transformation, Renounce Religion, Potion Petition, Call Merchant, Bribe
Branch


You were on level 8 of the Dungeon.
You worshipped Gozag.
Gozag was noncommittal.
You were a tree.
You visited 1 branch of the dungeon, and saw 8 of its levels.

You collected 702 gold pieces.
You paid 660 gold pieces to Gozag.

Inventory:

Hand Weapons
 a - a +2 dagger of draining
 f - a +0 short sword
 h - a +0 short sword of protection
 i - a +0 trident
 q - a +2 spectral quarterstaff (weapon)
 r - a +0 vorpal hand axe
 B - the +2 hammer "Lich" {antimagic, Will++}
   (You found it on level 6 of the Dungeon)

   It reduces the magical energy of the wielder, and disrupts the spells and
   magical abilities of those it strikes.
   Natural abilities and divine invocations are not affected.
   Will:      It greatly increases your willpower.
 E - a +0 war axe
Missiles
 v - 29 poisoned darts
 w - a throwing net
 y - 10 boomerangs
Armour
 j - a +1 robe
 F - the +3 ring mail of Panentheism {Rampage rF- rC+++ Str-3}
   (You found it on level 8 of the Dungeon)

   Str:       It affects your strength (-3).
   rF:        It makes you vulnerable to fire.
   rC:        It renders you almost immune to cold.
   Rampage:   It bestows one free step when moving towards enemies.
 H - a +0 robe of willpower (melded)
Magical Staves
 l - a staff of fire
Jewellery
 d - a ring of wizardry (right branch)
 n - a +4 ring of protection
 x - an amulet of magic regeneration (around neck)
 D - a +6 ring of dexterity (left branch)
Wands
 b - a wand of charming (11)
 G - a wand of mindburst (2)
Scrolls
 g - a scroll of vulnerability
 k - a scroll of identify
 m - 3 scrolls of teleportation
 o - a scroll of silence
 p - a scroll of enchant armour
 u - a scroll of immolation
 A - a scroll of noise
Potions
 c - 3 potions of brilliance
 e - 3 potions of mutation
 s - a potion of lignification
 t - a potion of flight
 z - a potion of attraction
 C - a potion of might


   Skills:
 * Level 6.8 Fighting
 + Level 4.9 Dodging
 + Level 5.3 Stealth
 + Level 5.1 Spellcasting
 + Level 6.5 Conjurations
 + Level 4.4 Hexes


You had 8 spell levels left.
You knew the following spells:

 Your Spells              Type           Power      Damage    Failure   Level
a - Magic Dart            Conj           100%       1d8       1%          1
b - Searing Ray           Conj           72%        2d7       1%          2
c - Dazzling Flash        Conj/Hex       62%        N/A       1%          3
d - Iskenderun's Mystic   Conj/Tloc      21%        2d6       10%         4

Your spell library contained the following spells:

 Spells                   Type           Power      Damage    Failure   Level
 Stone Arrow              Conj/Erth      42%        3d9       3%          3
 Sandblast                Erth           10%        2d5       4%          1
 Summon Small Mammal      Summ           20%        N/A       4%          1
 Summon Guardian Golem    Hex/Summ       16%        N/A       4%          3
 Fulminant Prism          Conj/Hex       15%        3d11      4%          4
 Passwall                 Tmut/Erth      4%         N/A       6%          2
 Call Canine Familiar     Summ           5%         N/A       12%         3
 Ozocubu's Armour         Ice            5%         N/A       12%         3
 Ozocubu's Refrigeration  Ice            2%         4d8       100%        7


Dungeon Overview and Level Annotations

Branches:
Dungeon (8/15)             Temple (0/1) D:7
   Lair: D:8-11

Altars:
Ashenzari
Cheibriados
Dithmenos
Fedhas
Gozag
Kikubaaqudgha
Okawaru
Qazlal
Sif Muna
Uskayaw
Vehumet
Wu Jian

Shops:
D:7 *

Annotations:
D:6 1 runed translucent door, Crazy Yiuf


Innate Abilities, Weirdness & Mutations

You are a tree.
Your roots penetrate the ground, keeping you stationary.
You cannot be teleported.
You are immune to unholy pain and torment.
Your maximum health is greatly increased.
Your equipment is partially melded.
((You are partially covered in icy blue scales. (AC +2)))
A weak demonic guardian rushes to your aid.
You sometimes gain a little power by taking damage.
((Your touch may irresistibly damage your foes and sap their willpower.))
((You have large cloven feet.))
((Your system is resistant to poisons. (rPois)))
((You are occasionally teleported next to monsters.))
You are weak. (Str -2)


Message History

You kill the orc warrior!
* * * LOW HITPOINT WARNING * * *
You feel extremely sick.
Your white imp misses the orc.
The orc hits you with a +0 hand axe.
* * * LOW HITPOINT WARNING * * *
The orc misses you. The orc hits you with a +0 dagger.
* * * LOW HITPOINT WARNING * * *
Okay, then. [a] - 336 gold - haste and brilliance [b] - 576 gold - resistance, haste and brilliance [c] - 459 gold - lignification, might and resistance Purchase which effect?
You no longer have enough gold to petition Gozag for potion effects.
You turn into a tree.
Your +0 robe of willpower melds into your body.
You feel less strong-willed.
Your roots penetrate the ground.
You feel very mighty all of a sudden.
You feel protected.
* * * LOW HITPOINT WARNING * * *
You feel very sick.
Your white imp hits the orc.
Your white imp freezes the orc.
The orc is distracted by your dazzling golden aura.
The orc hits you but does no damage. x2
The orc hits your white imp but does no damage.
The orc barely misses you.
Okay, then.
Okay, then.
You sock the orc!
You kill the orc!
* * * LOW HITPOINT WARNING * * *
You feel very sick.
The orc is distracted by your dazzling golden aura.
The orc hits you but does no damage.
The orc shouts!
Okay, then.
Really quaff the potion of mutation?
You feel extremely strange.
You feel weaker.
Your feet thicken and deform.
You feel weirdly uncertain.
You feel resistant to poisons.
You die...
Your body crumbles into a pile of gold.

$ .. ..
.###### .#
#.....# ...
#.....#####'##
#.............
#..o5.........
#..o♣.........
#..o..........
######........
#........
#........
#........
#........
#........
#........


You could see 3 orcs and a friendly white imp (summoned).

Vanquished Creatures
  Grinder (D:6)
  Eustachio (D:6)
  A steam dragon (D:6)
  Edmund (D:5)
  2 water moccasins
  2 sky beasts
  3 orc warriors
  An ogre (D:5)
  3 centaurs
  A bullfrog (D:6)
  A kobold brigand (D:6)
  A necrophage (D:7)
  A gnoll sergeant (D:7)
  5 killer bees (D:7)
  4 orc priests
  2 hounds
  A jelly (D:6)
  Ijyb (D:4)
  Jessica (D:2)
  5 iguanas
  8 orc wizards
  9 adders
  7 gnolls
  A river rat (D:4)
  3 white imps
  An ufetubus (D:6)
  5 worms
  3 dart slugs
  24 orcs
  12 endoplasms
  2 giant cockroaches
  9 goblins
  8 hobgoblins
  3 jackals (D:3)
  6 quokkas
  11 ball pythons
  8 bats
  6 frilled lizards
  7 kobolds
  4 rats
175 creatures vanquished.

Vanquished Creatures (collateral kills)
  6 kobolds (D:6)
6 creatures vanquished.

Vanquished Creatures (others)
  3 plants (D:4)
3 creatures vanquished.

Grand Total: 184 creatures vanquished

Notes
Turn   | Place    | Note
-------+----------+-------------------------------------------
     0 | D:1      | croobank the Demonspawn Conjurer began the quest for the
                  | Orb.
     0 | D:1      | Reached XP level 1. HP: 13/13 MP: 3/3
    15 | D:1      | Found a faded altar of an unknown god.
   540 | D:1      | Gained mutation: Your touch may inflict minor irresistible
                  | damage on your foes. [demonic ancestry]
   540 | D:1      | Reached XP level 2. HP: 19/19 MP: 3/5
   675 | D:1      | Learned a level 2 spell: Searing Ray
   854 | D:1      | You fall into a shaft and drop 1 floor!
  1029 | D:2      | Found an iron altar of Okawaru.
  1204 | D:1      | Reached XP level 3. HP: 24/24 MP: 4/6
  1208 | D:1      | Learned a level 3 spell: Dazzling Flash
  2069 | D:2      | Reached skill level 1 in Fighting
  2126 | D:2      | Noticed Jessica
  2131 | D:2      | Killed Jessica
  2132 | D:2      | Reached XP level 4. HP: 32/32 MP: 2/7
  2774 | D:3      | Found an ornate altar of the Wu Jian Council.
  2781 | D:3      | Found a shimmering blue altar of Sif Muna.
  2827 | D:3      | Gained mutation: You sometimes gain a little power by
                  | taking damage. [demonic ancestry]
  2827 | D:3      | Reached XP level 5. HP: 38/38 MP: 9/9
  3632 | D:4      | Reached skill level 1 in Hexes
  3647 | D:4      | Found a stormy altar of Qazlal.
  3933 | D:4      | Found a shadowy altar of Dithmenos.
  3935 | D:4      | Noticed Ijyb
  3937 | D:4      | Gained mutation: You are partially covered in icy blue
                  | scales. (AC +2) [demonic ancestry]
  3937 | D:4      | Reached XP level 6. HP: 46/46 MP: 6/10
  3962 | D:4      | Killed Ijyb
  4172 | D:4      | Found an ancient bone altar of Kikubaaqudgha.
  4251 | D:4      | Found a radiant altar of Vehumet.
  4260 | D:4      | Found a hide-covered altar of Uskayaw.
  4766 | D:5      | Entered Level 5 of the Dungeon
  4773 | D:5      | Identified a scroll of acquirement
  4773 | D:5      | Acquired a +2 spectral quarterstaff
  4946 | D:5      | Found an opulent altar of Gozag.
  4966 | D:5      | Became a worshipper of Gozag Ym Sagoz the Greedy
  4989 | D:5      | Noticed Edmund
  4997 | D:5      | Killed Edmund
  4998 | D:5      | Gained mutation: Your touch may inflict irresistible damage
                  | on your foes. [demonic ancestry]
  4998 | D:5      | Reached XP level 7. HP: 23/52 MP: 12/12
  5259 | D:5      | Reached skill level 5 in Conjurations
  6222 | D:6      | Gained mutation: A weak demonic guardian rushes to your
                  | aid. [demonic ancestry]
  6222 | D:6      | Reached XP level 8. HP: 61/61 MP: 10/14
  6271 | D:6      | Found a blossoming altar of Fedhas.
  6300 | D:6      | Noticed Eustachio
  6320 | D:6      | Killed Eustachio
  6383 | D:6      | Noticed Grinder
  6387 | D:6      | Reached skill level 5 in Fighting
  6403 | D:6      | Killed Grinder
  6858 | D:6      | Identified the +2 hammer "Lich" {antimagic, Will++}
  6861 | D:6      | Found a runed translucent door.
  6862 | D:6      | Noticed Crazy Yiuf
  6908 | D:6      | Found a broken altar of Ashenzari.
  7165 | D:7      | Gained mutation: Your touch may irresistibly damage your
                  | foes and sap their willpower. [demonic ancestry]
  7165 | D:7      | Reached XP level 9. HP: 54/69 MP: 15/15
  7510 | D:7      | Reached skill level 5 in Stealth
  7991 | D:7      | Found a snail-covered altar of Cheibriados.
  8187 | D:7      | Found Yburghudu's Overcharged Wands.
  8243 | D:7      | Found a staircase to the Ecumenical Temple.
  8384 | D:8      | Identified the +3 ring mail of Panentheism {Rampage rF-
                  | rC+++ Str-3}
  8425 | D:7      | Learned a level 4 spell: Iskenderun's Mystic Blast
  8461 | D:8      | Reached skill level 5 in Spellcasting
  8654 | D:8      | HP: 5/106 [poisoned by an orc warrior]
  8655 | D:8      | HP: 1/106 [poisoned by an orc warrior]
  8656 | D:8      | Gained mutation: You are weak. (Str -2) [potion of
                  | mutation]
  8656 | D:8      | Gained mutation: You have large cloven feet. [potion of
                  | mutation]
  8656 | D:8      | Gained mutation: You are occasionally teleported next to
                  | monsters. [potion of mutation]
  8656 | D:8      | Gained mutation: Your system is resistant to poisons.
                  | (rPois) [potion of mutation]
  8656 | D:8      | Succumbed to an orc warrior's poison

Illustrated notes

Levels and vault maps discovered:
D:1:      dpeg_arrival_rhombi, layout_basic, hellmonk_ecumenical_altar_run_dry,
          fountainhead, minmay_domino_2
D:2:      layout_rooms, basic_altar, uniq_jessica
D:3:      layout_basic, lemuel_round_altar, mainiacjoe_overflow_surrounded_room,
          minmay_misc_feat_rows, hangedman_decor_clover_reticule,
          kennysheep_flooded_box
D:4:      layout_loops_ring, mainiacjoe_overflow_chevrons, marbit_many_paths,
          grunt_qazlal_sundering, mainiacjoe_overflow_swirl,
          cheibrodos_sewer_entry_sluice, uniq_ijyb
D:5:      layout_gridville, nicolae_overflow_crystal_walls, uniq_edmund
D:6:      layout_rooms, lemuel_tele_altar, overflow_temple_1_default,
          kennysheep_generic_room_4, uniq_eustachio, uniq_crazy_yiuf_cottage,
          uniq_grinder
D:7:      layout_rooms, slow_altar_1, minmay_temple_entry_enclosed_plants,
          nicolae_shop_overcharged_wands
D:8:      cheibrodos_shockbox, layout_gridville, minmay_misc_feat_nine_boxes

Skill      XL: |  1  2  3  4  5  6  7  8  9 |
---------------+----------------------------+-----
Dodging        | 2 3 4 |  4.9
Stealth        | 2 3 4 5 |  5.3
Fighting       | 1 2 3 4 5 6 |  6.8
Spellcasting   | 3 4 5 |  5.1
Hexes          | 1 2 3 4 |  4.4
Conjurations   | 5 6 |  6.5

Action                   |  1- 3 |  4- 6 |  7- 9 || total
-------------------------+-------+-------+-------++-------
Melee: Unarmed           |    11 |       |       ||    11
       Short sword       |     5 |       |       ||     5
       Dagger            |    11 |    78 |    18 ||   107
       Touch             |     1 |    15 |     2 ||    18
       Quarterstaff      |       |     8 |   121 ||   129
 Cast: Magic Dart        |    41 |    32 |    16 ||    89
       Searing Ray       |    12 |    18 |     9 ||    39
       Dazzling Flash    |       |     1 |     1 ||     2
Invok: Potion Petition   |       |       |     2 ||     2
  Use: Scroll            |     4 |     7 |     6 ||    17
       Potion            |       |     1 |     5 ||     6
 Stab: Sleeping          |     3 |     5 |     4 ||    12
       Invisible         |       |     1 |       ||     1
       Distracted        |       |       |     3 ||     3
Armor: Robe              |    14 |    22 |    43 ||    79
       Skin              |       |       |    19 ||    19
Dodge: Dodged            |    31 |    49 |   126 ||   206
